 Dungeon Crawl Stone Soup version 0.29.1-12-g30fa7ad0bf (webtiles) character file.

Game seed: 15265720113803140791

44 hawla the Firebug (level 4, -1/33 HPs)
             Began as a Meteoran Fire Elementalist on Jan 10, 2023.
             Killed by miscasting Flame Wave (17 damage)
             ... on level 7 of the Dungeon.
             The game lasted 00:02:06 (274 turns).

hawla the Firebug (Meteoran Fire Elementalist)       Turns: 274, Time: 00:02:06

Health: -1/33      AC:  2    Str: 10    XL:     4   Next: 10%
Magic:  0/10       EV: 12    Int: 18    God:
Gold:   13         SH:  0    Dex: 14    Spells: 2/9 levels left

rFire   . . .      SeeInvis .   (no weapon)
rCold   . . .      Faith    .   (no shield)
rNeg    . . .      Spirit   .   a - +0 robe
rPois   .          Reflect  .   (no helmet)
rElec   .          Harm     .   (no cloak)
rCorr   .          Rampage  .   (no gloves)
Will    .....                   (no boots)
Stlth   +.........              (no amulet)
HPRegen 0.11/turn               (no ring)
MPRegen 0.12/turn               (no ring)

@: very slightly contaminated, glowing
A: sense surroundings 1, otherworldly, glowing, explore regen
a: no special abilities


You were on level 7 of the Dungeon.
You visited 1 branch of the dungeon, and saw 5 of its levels.

You collected 13 gold pieces.

Inventory:

Armour
 a - a +0 robe (worn)
Jewellery
 e - a ring of positive energy
Scrolls
 d - a scroll of magic mapping {unknown}
Potions
 b - a potion of magic
 c - a potion of heal wounds {unknown}


   Skills:
 - Level 2.7 Dodging
 - Level 1.4 Stealth
 - Level 3.3 Spellcasting
 + Level 1.4 Conjurations
 - Level 4.8 Fire Magic


You had 2 spell levels left.
You knew the following spells:

 Your Spells              Type           Power      Damage    Failure   Level
a - Foxfire               Conj/Fire      56%        2x1d6     4%          1
b - Scorch                Fire           40%        2d7       3%          2
c - Flame Wave            Conj/Fire      14%        2d6       41%         4

Your spell library contained the following spells:

 Spells                   Type           Power      Damage    Failure   Level
 Beastly Appendage        Tmut           6%         N/A       16%         1
 Wereblood                Tmut           3%         N/A       24%         2
 Conjure Flame            Conj/Fire      14%        6-21      13%         3
 Inner Flame              Hex/Fire       11%        N/A       17%         3
 Spider Form              Tmut/Pois      3%         N/A       43%         3


Dungeon Overview and Level Annotations

Branches:
Dungeon (4/15) Zot: 2727
 Temple: D:4-7

Altars:

Shops:
D:4 :


Innate Abilities, Weirdness & Mutations

You passively map a small area around you.
You are easily found by Zot.
You glow in the dark.
You regain HP and MP as you explore.


Message History

You open the door.
There is an open door here.
You open the door.
There is an open door here.
You open the door.
There is an open door here.
You open the door.
There is an open door here.
You open the door.
There is an open door here.
You open the door.
A killer bee comes into view.
The killer bee buzzes angrily.
You hear an angry buzzing noise.
A killer bee comes into view.
You hear a shout!
Casting: Scorch (safe; 3% risk of failure)
Confirm with . or Enter, or press ? or * to list all spells.
Flames lash the killer bee.
The killer bee is moderately wounded.
The killer bee's fire resistance burns away.
A killer bee comes into view.
Unknown command.
Casting: Scorch (safe; 3% risk of failure)
Confirm with . or Enter, or press ? or * to list all spells.
The spell is extremely dangerous to miscast (41% risk of failure)!
Continue anyway?
Casting: Flame Wave (extremely dangerous; 41% risk of failure)
Press: ? - help, Dir - look around, f - activate You miscast Flame Wave.
You are very lightly contaminated with residual magic.
You are blasted with magical energy!
The killer bee closely misses you. The killer bee stings you.
Unknown command.
Casting: Flame Wave (extremely dangerous; 41% risk of failure)
Confirm with . or Enter, or press ? or * to list all spells.
The spell is extremely dangerous to miscast (41% risk of failure)!
Continue anyway?
Casting: Flame Wave (extremely dangerous; 41% risk of failure)
Press: ? - help, Dir - look around, f - activate You miscast Flame Wave.
Sparks fly from your hands!
Ouch! That really hurt!
You die...

############
#..........##########
#..........#........#
#..........'........#
##..........##...#####
.....#'##....#'###*..#
.....#..#....#..y#...#
.....#..#....#..@'y..#
.....#..#....#..y#...#
.....'..#....#...#,..#
.....#.##....###.#* .#
##'###.#.......#.# #
...#...#.......#.. , *
...#...#.......#..,
...#...+.......#..,
...#...#.......# ,


You could see 3 killer bees.

Vanquished Creatures
  A hound (D:7)
  3 orcs (D:3)
  A ball python (D:4)
  An endoplasm (D:3)
  A giant cockroach (D:3)
  A goblin (D:3)
  A quokka (D:3)
  2 bats
11 creatures vanquished.

Vanquished Creatures (others)
  19 foxfires
19 creatures vanquished.

Grand Total: 30 creatures vanquished

Notes
Turn   | Place    | Note
-------+----------+-------------------------------------------
     0 | D:1      | hawla the Meteoran Fire Elementalist began the quest for
                  | the Orb.
     0 | D:1      | Reached XP level 1. HP: 14/14 MP: 5/5
    60 | D:3      | Reached skill level 4 in Fire Magic
    60 | D:3      | Reached XP level 2. HP: 20/20 MP: 0/6
   118 | D:3      | Learned a level 2 spell: Scorch
   186 | D:4      | Found Putraank's Book Shop.
   207 | D:4      | You fall into a shaft and drop 3 floors!
   211 | D:7      | Noticed a hound
   213 | D:7      | Killed a hound
   214 | D:7      | Reached XP level 3. HP: 26/26 MP: 3/8
   214 | D:7      | Reached XP level 4. HP: 33/33 MP: 3/10
   219 | D:7      | Learned a level 4 spell: Flame Wave
   274 | D:7      | Killed by miscasting Flame Wave

Illustrated notes

Levels and vault maps discovered:
D:1:      amcnicky_arrival_flooded_fountain, layout_basic,
          shapermc_ecumenical_altar_pompeii, serial_park_tiny_2, nrook_campfire
D:2:      layout_basic
D:3:      layout_loops_corners, minmay_misc_feat_tiny,
          kennysheep_generic_room_10, uniq_ijyb
D:4:      layout_basic, general_overflow_altar, serial_shops, shop,
          corexii_mini_fake_secret_closet, corexii_shack
D:7:      layout_gridville, uniq_menkaure

Skill      XL: |  1  2 |
---------------+-------+-----
Fire Magic     | 4 |  4.8
Spellcasting   | 3 |  3.3
Dodging        | |  2.7
Stealth        | |  1.4
Conjurations   | |  1.4

Action                   |  1- 3 |  4- 6 || total
-------------------------+-------+-------++-------
Melee: Unarmed           |     1 |       ||     1
 Cast: Foxfire           |    12 |       ||    12
       Scorch            |     3 |     1 ||     4
Armor: Robe              |     2 |       ||     2
Dodge: Dodged            |     2 |     1 ||     3
